 Dungeon Crawl Stone Soup version 0.31-a0-968-g24f9ace8b5 (webtiles) character file.

Game seed: 6397353776819063289

4 Maratek the Trooper (level 1, -1/18 HPs)
             Began as a Demonspawn Fighter on Oct 27, 2023.
             Slain by a jackal (2 damage)
             ... on level 1 of the Dungeon.
             The game lasted 00:00:10 (45 turns).

Maratek the Trooper (Demonspawn Fighter)              Turns: 45, Time: 00:00:10

Health: -1/18      AC:  6    Str: 16    XL:     1   Next: 58%
Magic:  1/1        EV:  8    Int:  9    God:
Gold:   0          SH:  4    Dex: 12    Spells: 0/0 levels left

rFire   . . .        a - +0 trident
rCold   . . .        c - +0 buckler
rNeg    . . .        b - +0 scale mail
rPois   .            (no helmet)
rElec   .            (no cloak)
rCorr   .            (no gloves)
SInv    .            (no boots)
Will    .....        (no amulet) Stlth
                     (no ring)
HPRegen 0.23/turn    (no ring)
MPRegen 0.07/turn

%: no passive effects
@: no status effects
A: no striking features
a: no special abilities


You were on level 1 of the Dungeon.
You visited 1 branch of the dungeon, and saw 1 of its levels.

Inventory:

Hand Weapons
 a - a +0 trident (weapon)
Armour
 b - a +0 scale mail (worn)
 c - a +0 buckler (worn)
Potions
 d - a potion of might


   Skills:
 + Level 3.0 Fighting
 + Level 1.8 Polearms
 + Level 2.7 Armour
 + Level 2.8 Shields


You couldn't memorise any spells.
You didn't know any spells.
Your spell library was empty.

Dungeon Overview and Level Annotations

Branches:
Dungeon (1/15)

Altars:


Message History

The jackal bites you but does no damage.
The jackal bites you.
The jackal bites you but does no damage.
You hit the jackal.
The jackal is almost dead.
The jackal bites you but does no damage.
The jackal bites you.
The jackal bites you but does no damage.
The jackal bites you.
Unknown command.
You are too injured to fight recklessly!
Unknown command.
You are too injured to fight recklessly!
Unknown command.
You are too injured to fight recklessly!
The jackal barely misses you. The jackal bites you.
* * * LOW HITPOINT WARNING * * *
The jackal bites you.
* * * LOW HITPOINT WARNING * * *
There is an open door here.
Things that are here:
a +0 dagger; a goblin corpse You are too injured to fight recklessly!
You are too injured to fight recklessly!
You puncture the jackal!
You kill the jackal!
You puncture the jackal!
You kill the jackal!
You miss the jackal. The jackal barely misses you.
The jackal bites you but does no damage.
You barely miss the jackal. The jackal barely misses you. The jackal bites you.
* * * LOW HITPOINT WARNING * * *
The jackal bites you.
* * * LOW HITPOINT WARNING * * *
The jackal barely misses you.
You hit the jackal.
The jackal is lightly wounded.
You block the jackal's attack. The jackal closely misses you.
You block the jackal's attack. The jackal bites you.
You die...

..#~.♣~~♣..~~ P~#
..#~.♣~~♣.P~~PP~#
#.#~.♣~~PPP~~♣.~# .
##.#~PP~~PP♣~~P♣~# ...
..#~♣♣~~~~~~~PP~####
....###.#~.P~.....~.P~#...
........#~~~~.###.~~~~#...
.......lh@....#§#.....'..<
..>######h~~~.###.~~~~#...
#~P.~.....~.♣~#...
#~P.~~~~~~~♣P~####
#~P♣~~♣♣P~~PP~#
#~.P~~♣♣♣~~P♣~#
#~PP~~.♣P~~♣P~#
#~P♣~~♣P♣~~PP~#
#~.♣~~.♣♣~~.P~#


You could see 2 jackals and a frilled lizard.

Vanquished Creatures
  A goblin (D:1)
  2 jackals (D:1)
  A ball python (D:1)
4 creatures vanquished.

Notes
Turn   | Place    | Note
-------+----------+-------------------------------------------
     0 | D:1      | Maratek the Demonspawn Fighter began the quest for the Orb.
     0 | D:1      | Reached XP level 1. HP: 18/18 MP: 1/1
    45 | D:1      | Slain by a jackal

Illustrated notes

Levels and vault maps discovered:
D:1:      lightli_arrival_farm, layout_basic, minmay_close_crescents

Action                     || total
---------------------------++-------
  Melee: Trident           ||    24
 Armour: Scale mail        ||    29
  Dodge: Dodged            ||    23
  Block: Buckler           ||    10

Table legend: (Time is in decaauts)
 A = Elapsed time spent in this place.
 B = Non-inter-level travel time spent in this place.
 C = Inter-level travel time spent in this place.
 D = Time resting spent in this place.
 E = Time spent auto-exploring this place.
 F = Levels seen in this place.
 G = Mean time per level.
                   A        B        C        D        E       F      G
               +--------+--------+--------+--------+--------+-----+--------+
         Total |     52 |     52 |      0 |      0 |     18 |   1 |   52.0 |
       Dungeon |     52 |     52 |      0 |      0 |     18 |   1 |   52.0 |
               +--------+--------+--------+--------+--------+-----+--------+

Top non-repeatable levels by time:
     D:1: 52 daAuts
